 Dungeon Crawl Stone Soup version 0.17.0-28-g6e173f8 (webtiles) character file.

199 homeworkjunkie the Covert (level 5, -10/26 HPs)
             Began as a Spriggan Assassin on Nov 30, 2015.
             Killed by divine providence
             ... invoked by an orc priest
              (12 damage)
             ... on level 3 of the Dungeon.
             The game lasted 00:04:09 (1817 turns).

homeworkjunkie the Covert (Spriggan Assassin)       Turns: 1817, Time: 00:04:09

Health: -10/26     AC:  3    Str:  7    XL:     5   Next: 48%
Magic:  6/6        EV: 19    Int: 12    God:
Gold:   57         SH:  0    Dex: 19    Spells: 0 memorised, 4 levels left

rFire  . . .     SeeInvis +     a - +1 dagger (venom)
rCold  + . .     Clarity  .     c - +0 robe
rNeg   . . .     SustAt   .     (shield restricted)
rPois  .         Gourm    .     (helmet restricted)
rElec  .         Spirit   .     d - +0 cloak
rCorr  .         Warding  .     (gloves unavailable)
rMut   .         Stasis   .     (boots unavailable)
MR     .....                    (no amulet)
Stlth  +++++.....               (no ring)
                                p - ring of protection from cold

@: very quick, not resistant to hostile enchantments, quite stealthy
A: unfitting armour, see invisible, herbivore 3, speed 3, slow metabolism 2
a: no special abilities


You were on level 3 of the Dungeon.
You were not hungry.

You visited 1 branch of the dungeon, and saw 4 of its levels.

You collected 57 gold pieces.

Inventory:

Hand Weapons
 a - a +1 dagger of venom (weapon)
 b - a +0 blowgun
Missiles
 e - 27 poisoned needles
 f - 2 curare-tipped needles
Armour
 c - a +0 robe (worn)
 d - a +0 cloak (worn)
Jewellery
 p - a ring of protection from cold (left hand)
Scrolls
 j - 2 scrolls of identify
 n - a scroll of immolation
Potions
 h - a potion of resistance
 i - a potion of curing
 m - a potion of cure mutation
 o - a potion of invisibility
Comestibles
 g - 4 bread rations
 k - 2 slices of pizza


   Skills:
 * Level 1.9 Fighting
 * Level 2.8 Short Blades
 * Level 2.4 Throwing
 * Level 3.3 Dodging
 * Level 8.9 Stealth


You had 4 spell levels left.
You didn't know any spells.

Dungeon Overview and Level Annotations

Branches:
Dungeon (4/15)
 Temple: D:4-7

Altars:
Dithmenos

Annotations:
D:3 Natasha
D:4 Eustachio


Innate Abilities, Weirdness & Mutations

You are tiny and cannot use many weapons and most armour.
You have supernaturally acute eyesight.
You are a herbivore.
You cover ground extremely quickly.
You need consume almost no food.


Message History

The orc wizard shouts!
The orc shouts!
The orc shouts!
The orc priest shouts!
You hit the orc but do no damage.
The orc is poisoned.
You hit the orc but do no damage.
The orc wizard casts a spell.
The orc wizard flickers and vanishes for a moment.
The orc hits you with a trident.
You barely miss the orc.
The orc is moderately wounded.
Natasha stares at you and mumbles some strange words.
The magic dart hits you!
* * * LOW HITPOINT WARNING * * *
The orc completely misses you.
The orc priest looks braver for a moment.
Drink which item? (? for menu, Esc to quit)
You feel better.
Natasha zaps a wand.
The puff of frost misses you.
The puff of frost hits the orc priest.
The orc hits you with a trident.
* * * LOW HITPOINT WARNING * * *
The orc priest mumbles some strange prayers to Beogh against you.
Something smites you!
You die...

,,,,**,*#.#.#* #...............##
,,,***,*#....##########.#####..##
,,** *,,.........................
*** ****##..##.#############..##
#..##.## #..## *******
#..#...#####* #.... ,,,,,,**
#.)..#......* #..##
,,,,,,,*###.......###.* #..#
****,,,.....h...@o###.*######..##
****,,,####......oo.#.##.........
,,,,,,,,,*#.#$...o#..o(#.####..##
****,***,#........#.#.#..####..#
*,,,,...#....###...<......(.##
*,,,.##.).#.## #.#.#..#####)..
***,,,,*##.##.# *#...#.# ####
*,,,,,,,,..*#.* ##.##.#
*,,,,,,,,,,**,* #.*#.#


You could see an orc priest, an orc wizard (invisible), Natasha and 3 orcs.

Vanquished Creatures
  A phantom (D:4)
  A giant frog skeleton (D:4)
  Natasha (D:3)
  An adder (D:3)
  An ooze (D:3)
  A worm (D:3)
  2 giant geckos
  An orc (D:3)
  2 bats
  3 giant cockroaches
  5 hobgoblins
  5 kobolds
  2 giant newts
  5 goblins
  2 quokkas (D:3)
  6 rats
39 creatures vanquished.

Notes
Turn   | Place    | Note
--------------------------------------------------------------
     0 | D:1      | homeworkjunkie the Spriggan Assassin began the quest for the Orb.
     0 | D:1      | Reached XP level 1. HP: 10/10 MP: 2/2
    89 | D:2      | Reached skill level 6 in Stealth
   326 | D:3      | Reached XP level 2. HP: 14/14 MP: 3/3
   446 | D:3      | Noticed Natasha
   454 | D:3      | Killed Natasha
   454 | D:3      | Reached skill level 7 in Stealth
   454 | D:3      | Reached XP level 3. HP: 15/18 MP: 4/4
  1512 | D:3      | Found a shadowy altar of Dithmenos.
  1522 | D:3      | Reached XP level 4. HP: 17/23 MP: 5/5
  1555 | D:4      | Noticed a phantom
  1559 | D:4      | Killed a phantom
  1559 | D:4      | Reached skill level 8 in Stealth
  1559 | D:4      | Reached XP level 5. HP: 20/26 MP: 6/6
  1578 | D:4      | HP: 1/26 [giant frog skeleton (7)]
  1682 | D:4      | Noticed Eustachio
  1809 | D:3      | Noticed Natasha
  1816 | D:3      | HP: 1/26 [Natasha/magic dart (9)]
  1817 | D:3      | Killed from afar by an orc priest

Action                   |  1- 3 |  4- 6 || total
-------------------------+-------+-------++-------
Melee: Dagger            |    67 |    38 ||   105
 Fire: Blowgun           |     6 |     4 ||    10
  Use: Potion            |     1 |     3 ||     4
       Scroll            |     7 |     1 ||     8
 Stab: Sleeping          |    12 |     3 ||    15
